 Seeded DCSS version 0.30-a0-738-g116ff8c4af (webtiles) character file.

Game seed: 5430720872467839093 (custom seed)

755 purpskrrrp the Skirmisher (level 7, -4/42 HPs)
             Began as a Deep Elf Hunter on Feb 4, 2023.
             Was an Initiate of Hepliaklqana.
             Slain by a two-headed ogre
             ... wielding a +0 giant spiked club
              (28 damage)
             ... on level 5 of the Dungeon.
             The game lasted 00:07:20 (3620 turns).

purpskrrrp the Skirmisher (Deep Elf Hunter)         Turns: 3620, Time: 00:07:20

Health: -4/42      AC:  8    Str:  8    XL:     7   Next: 49%
Magic:  9/9        EV: 16    Int: 19    God:    Hepliaklqana [......]
Gold:   789        SH:  0    Dex: 25    Spells: 6/6 levels left

rFire   . . .      SeeInvis .    i - +2 arbalest "Erikenas" {freeze, Int+5}
rCold   . . .      Faith    .    (shield currently unavailable)
rNeg    . . .      Spirit   .    y - +2 robe of Binutifa {rPois Dex+5}
rPois   +          Reflect  .    (no helmet)
rElec   .          Harm     .    (no cloak)
rCorr   .          Rampage  .    k - +3 Mad Mage's Maulers {Infuse+∞ VampMP -Cast}
Will    .....      NoCast   +    (no boots)
Stlth   +++                      (no amulet)
HPRegen 0.27/turn                (no ring)
MPRegen 0.11/turn                (no ring)

@: studying Fighting
A: no striking features
a: Renounce Religion


You were on level 5 of the Dungeon.
You worshipped Hepliaklqana.
Hepliaklqana was noncommittal.
You visited 2 branches of the dungeon, and saw 6 of its levels.

You collected 1216 gold pieces.
You spent 427 gold pieces at shops.

Inventory:

Hand Weapons
 a - a +0 shortbow of electrocution
 i - the +2 arbalest "Erikenas" (weapon) {freeze, Int+5}
   (You acquired it on level 2 of the Dungeon)

   Int:       It affects your intelligence (+5).
Missiles
 r - a throwing net
Armour
 c - a +0 leather armour
 k - the +3 Mad Mage's Maulers (worn) {Infuse+∞ VampMP -Cast}
   (You acquired it on level 2 of the Dungeon)

   Infuse+∞: It empowers its wearer's blows with all of their magic.
   VampMP:    Blows struck in melee replenish the wearer's magic.
   -Cast:     It prevents spellcasting.
 y - the +2 robe of Binutifa (worn) {rPois Dex+5}
   (You found it on level 3 of the Dungeon)

   Dex:       It affects your dexterity (+5).
   rPois:     It protects you from poison.
Jewellery
 e - a ring of protection from cold
 h - a ring of positive energy
 l - a +6 ring of strength
Wands
 s - a wand of roots (5)
 v - a wand of mindburst (13)
Scrolls
 b - 2 scrolls of immolation
 g - 2 scrolls of amnesia
 j - 4 scrolls of enchant armour
 m - a scroll of butterflies {unknown}
 n - a scroll of fear
 o - 2 scrolls of blinking
 p - 2 scrolls of teleportation
Potions
 d - a potion of mutation
 f - 2 potions of attraction
 q - a potion of degeneration
 t - a potion of curing
 u - 2 potions of lignification {unknown}
 w - a potion of ambrosia
 x - 2 potions of berserk rage {unknown}


   Skills:
 + Level 3.9 Fighting
 * Level 8.8 Ranged Weapons
 + Level 5.0 Dodging
 + Level 4.8 Stealth


You had 6 spell levels left.
You didn't know any spells.
Your spell library was empty.

Dungeon Overview and Level Annotations

Branches:
Dungeon (5/15)             Temple (1/1) D:4

Altars:
Cheibriados
Dithmenos
Hepliaklqana
Nemelex Xobeh
Okawaru
Ru
Sif Muna
Uskayaw
Vehumet
Wu Jian
Xom
Yredelemnul
Zin
The Shining One

Shops:
D:2 ?


Message History

Done exploring.
There is an escape hatch in the floor here.
There is a stone staircase leading down here.
You climb downwards.
There is a stone staircase leading up here.
A hound and a two-headed ogre come into view.
Found a stone staircase leading up.
There are monsters nearby!
There are monsters nearby!
There are monsters nearby!
You shoot a bolt. The bolt hits the two-headed ogre!
The bolt freezes the two-headed ogre.
The two-headed ogre shouts in stereo!
The two-headed ogre is moderately wounded.
The hound barks!
You shoot a bolt. The bolt hits the two-headed ogre!
The bolt freezes the two-headed ogre.
The two-headed ogre is heavily wounded.
You shoot a bolt. The bolt hits the two-headed ogre!
The bolt freezes the two-headed ogre.
The two-headed ogre is severely wounded.
An ufetubus comes into view.
A scorpion comes into view.
You shoot a bolt. The bolt hits the two-headed ogre.
The bolt freezes the two-headed ogre.
The two-headed ogre is severely wounded.
The two-headed ogre hits you with a +0 giant spiked club!!
The two-headed ogre closely misses you.
You shoot a bolt.
The bolt barely misses the two-headed ogre.
The bolt closely misses the hound.
The bolt hits the ufetubus!
The bolt freezes the ufetubus.
You kill the ufetubus!
The two-headed ogre misses you. The two-headed ogre barely misses you.
You shoot a bolt.
The bolt barely misses the two-headed ogre.
The bolt hits the hound!
The bolt freezes the hound.
You kill the hound!
The two-headed ogre hits you with a +0 giant spiked club!!
Ouch! That really hurt!
You die...

####
##..##
....#
#...#
#...#
######...#
.......@<#
#######O##
..s.
###...
#....
......
..#.<..
..#.....


You could see a two-headed ogre and a scorpion.

Vanquished Creatures
  The ghost of Esekla the Sneak, an amateur OpDe of Gozag (D:4)
  Blork the orc (D:4)
  A bullfrog (D:4)
  A scorpion (D:4)
  A necrophage (D:2)
  2 orc priests
  A hound (D:5)
  An iguana (D:4)
  4 orc wizards
  9 gnolls
  6 adders
  A white imp (D:4)
  An ufetubus (D:5)
  3 worms (D:4)
  A dart slug (D:4)
  5 orcs
  3 bats
  7 endoplasms
  3 giant cockroaches
  7 hobgoblins
  7 jackals
  6 kobolds
  5 quokkas
  8 ball pythons
  2 frilled lizards
  4 goblins
  3 rats
94 creatures vanquished.

Notes
Turn   | Place    | Note
-------+----------+-------------------------------------------
     0 | D:1      | purpskrrrp the Deep Elf Hunter began the quest for the Orb.
     0 | D:1      | Reached XP level 1. HP: 12/12 MP: 3/3
   108 | D:1      | Reached XP level 2. HP: 17/17 MP: 4/4
   868 | D:2      | Found Doddoiw's Magic Scroll Shoppe.
   963 | D:2      | Noticed a necrophage
   977 | D:2      | Killed a necrophage
   978 | D:2      | Reached skill level 6 in Ranged Weapons
   978 | D:2      | Reached XP level 3. HP: 14/21 MP: 5/5
   978 | D:2      | Reached XP level 4. HP: 18/26 MP: 6/6
  1628 | D:2      | Identified 4 scrolls of acquirement
  1628 | D:2      | Acquired 492 gold pieces
  1630 | D:2      | Acquired the +3 Mad Mage's Maulers {Infuse+∞ VampMP -Cast}
  1630 | D:2      | Found the +3 Mad Mage's Maulers {Infuse+∞ VampMP -Cast}
  1636 | D:2      | Acquired the +2 arbalest "Erikenas" {freeze, Int+5}
  1637 | D:2      | Acquired 560 gold pieces
  1691 | D:2      | Bought a scroll of identify for 28 gold pieces
  1691 | D:2      | Bought a scroll of enchant armour for 105 gold pieces
  1691 | D:2      | Bought a scroll of enchant armour for 105 gold pieces
  1691 | D:2      | Bought a scroll of identify for 28 gold pieces
  1691 | D:2      | Bought a scroll of fear for 56 gold pieces
  1691 | D:2      | Bought a scroll of blinking for 105 gold pieces
  1745 | D:3      | Found a faded altar of an unknown god.
  1855 | D:3      | Reached XP level 5. HP: 31/31 MP: 7/7
  1871 | D:3      | Reached skill level 7 in Ranged Weapons
  1962 | D:3      | Found an iron altar of Okawaru.
  2067 | D:3      | Reached XP level 6. HP: 36/36 MP: 8/8
  2078 | D:3      | Identified the +3 short sword of the Manifold Quests
                  | {flame, rElec Int+5}
  2247 | D:3      | Identified the +2 robe of Binutifa {rPois Dex+5}
  2435 | D:4      | Noticed Blork the orc
  2437 | D:4      | Killed Blork the orc
  2825 | D:4      | Reached skill level 8 in Ranged Weapons
  2831 | D:4      | Reached XP level 7. HP: 29/41 MP: 9/9
  2893 | D:4      | Found a runed translucent door.
  2894 | D:4      | Found a staircase to the Ecumenical Temple.
  2910 | D:4      | Noticed Esekla's ghost (amateur OpDe)
  3232 | D:4      | Killed Esekla's ghost
  3233 | D:4      | Reached skill level 5 in Dodging
  3255 | Temple   | Entered the Ecumenical Temple
  3545 | Temple   | Became a worshipper of Hepliaklqana the Forgotten
  3613 | D:5      | Entered Level 5 of the Dungeon
  3614 | D:5      | Noticed a two-headed ogre
  3620 | D:5      | Slain by a two-headed ogre

Illustrated notes

Levels and vault maps discovered:
D:1:      dpeg_arrival_boxes_within_box, layout_basic
D:2:      layout_loops_ring, serial_shops, shop, nicolae_kite_square_tiling_tiny
D:3:      layout_rooms, okawaru_metal_pillars_3, ebering_ecumenical_altar_rust
D:4:      layout_basic, minmay_temple_entry_overgrown, ebering_ghost_sewer_d,
          minmay_manual_monstrance, uniq_blork_the_orc
D:5:      layout_basic, uniq_duvessa
Temple:   oiseaux_autumnal_temple

Skill      XL: |  1  2  3  4  5  6  7 |
---------------+----------------------+-----
Stealth        | 2 3 4 |  4.8
Fighting       | 2 3 |  3.9
Ranged Weapons | 6 7 8 |  8.8
Dodging        | 3 4 5 |  5.0

Action                     |  1- 3 |  4- 6 |  7- 9 || total
---------------------------+-------+-------+-------++-------
   Fire: Shortbow          |    43 |    36 |       ||    79
         Arbalest          |       |    81 |    19 ||   100
    Use: Scroll            |     6 |    11 |       ||    17
         Potion            |     2 |       |       ||     2
 Armour: Leather armour    |     1 |     3 |       ||     4
         Robe              |       |     1 |     1 ||     2
  Dodge: Dodged            |     6 |    24 |     7 ||    37

Table legend: (Time is in decaauts)
 A = Elapsed time spent in this place.
 B = Non-inter-level travel time spent in this place.
 C = Inter-level travel time spent in this place.
 D = Time resting spent in this place.
 E = Time spent auto-exploring this place.
 F = Levels seen in this place.
 G = Mean time per level.
                   A        B        C        D        E       F      G
               +--------+--------+--------+--------+--------+-----+--------+
         Total |   3710 |   3419 |    291 |    312 |   2623 |   6 |  618.3 |
       Dungeon |   3384 |   3170 |    214 |    312 |   2393 |   5 |  676.8 |
        Temple |    326 |    249 |     77 |      0 |    230 |   1 |  326.0 |
               +--------+--------+--------+--------+--------+-----+--------+

Top non-repeatable levels by time:
     D:1: 1002 daAuts
     D:4: 910 daAuts
     D:3: 731 daAuts
     D:2: 730 daAuts
  Temple: 326 daAuts
     D:5: 9 daAuts
